 Dungeon Crawl Stone Soup version 0.28-a0-1389-gc726bef33b (webtiles) character file.

Game seed: 13534988781678882352

42 Deminshera the Caller (level 3, 0/28 HPs)
             Began as a Tengu Summoner on Jan 3, 2022.
             Succumbed to an adder's poison
             ... on level 1 of the Dungeon.
             The game lasted 00:03:10 (2218 turns).

Deminshera the Caller (Tengu Summoner)              Turns: 2218, Time: 00:03:10

Health: 0/28       AC: 21    Str:  8    XL:     3   Next: 56%
Magic:  2/7        EV:  2    Int: 17    God:
Gold:   17         SH:  0    Dex: 14    Spells: 0/6 levels left

rFire   . . .      SeeInvis .   (no weapon)
rCold   . . .      Faith    .   (no shield)
rNeg    . . .      Spirit   .   (armour currently unavailable)
rPois   +          Reflect  .   (helmet currently unavailable)
rElec   .          Harm     .   (cloak currently unavailable)
rCorr   .          Rampage  .   (gloves currently unavailable)
Will    .....      NoTele   +   (boots unavailable)
Stlth   ++........              (no amulet)
HPRegen 0.09/turn               (no ring)
MPRegen 0.10/turn               (no ring)

@: brilliant, lethally poisoned (0 -> -4), tree-form
A: stationary, stasis, torment immunity, boosted hp, (beak), (talons 3)
a: no special abilities


You were on level 1 of the Dungeon.
You were a tree.
You visited 1 branch of the dungeon, and saw 2 of its levels.

You collected 17 gold pieces.

Inventory:

Armour
 a - a +0 robe (melded)
Scrolls
 d - a scroll of noise {unknown}
Potions
 e - a potion of heal wounds {unknown}


   Skills:
 + Level 2.9 Dodging
 + Level 2.6 Stealth
 + Level 2.4 Spellcasting
 + Level 5.2 Summonings


You couldn't memorise any spells.
You knew the following spells:

 Your Spells              Type           Power      Damage    Failure   Level
a - Summon Small Mammal   Summ           100%       N/A       2%          1
b - Call Imp              Summ           29%        N/A       3%          2
c - Call Canine Familiar  Summ           29%        N/A       7%          3

Your spell library contained the following spells:

 Spells                   Type           Power      Damage    Failure   Level
 Summon Guardian Golem    Hex/Summ       16%        N/A       19%         3
 Summon Lightning Spire   Summ/Air       16%        N/A       54%         4


Dungeon Overview and Level Annotations

Branches:
Dungeon (2/15)

Altars:

Shops:
D:1 [([**

Annotations:
D:2 Terence


Innate Abilities, Weirdness & Mutations

You are a tree.
Your roots penetrate the ground, keeping you stationary.
You cannot be teleported.
You are immune to unholy pain and torment.
Your maximum health is greatly increased.
Your equipment is partially melded.
((You have a beak for a mouth.))
((You have claws for feet.))


Message History

You hit the adder but do no damage. Your kick misses the adder.
You feel sick.
Your bat hits the adder but does no damage.
The bat barely misses you.
Your bat barely misses the adder.
The adder barely misses you.
Your crimson imp barely misses the bat.
The bat hits you but does no damage.
Your bat barely misses the adder.
You hit the adder. Your kick misses the adder.
The adder is lightly wounded.
You feel sick. The bat completely misses you.
Your bat barely misses the adder.
The adder closely misses you. The bat misses you. The adder barely misses you.
The bat misses your crimson imp.
Your crimson imp misses the bat.
You barely miss the adder. Your kick misses the adder.
The adder is lightly wounded.
You feel sick. The bat hits you but does no damage.
Your bat barely misses the adder.
The bat closely misses you.
Your bat barely misses the adder.
The adder bites you.
Your crimson imp barely misses the bat.
You hit the adder but do no damage.
The adder is lightly wounded.
You feel sick.
Your bat hits the adder but does no damage.
The bat barely misses you. x2; The adder bites you.
You are more poisoned.
The adder poisons you!
Your crimson imp closely misses the bat.
You barely miss the bat. Your kick misses the bat.
The bat is severely wounded.
You feel sick. The bat barely misses you. The adder bites you.
* * * LOW HITPOINT WARNING * * *
The bat hits you.
* * * LOW HITPOINT WARNING * * *
The adder barely misses you.
Your crimson imp hits the bat.
The bat dies!
It was a potion of lignification.
You turn into a tree.
Your +0 robe melds into your body.
Your roots penetrate the ground.
* * * LOW HITPOINT WARNING * * *
You feel sick.
Your bat closely misses the adder.
Your bat hits the adder. The adder bites you but does no damage.
It was a potion of brilliance.
You feel clever all of a sudden.
You die...

###'#...# #.+∩+...# #
##.#'#...# # #..#.....#
# ######........# ###
##......###....#
[.#######..######
#....# ......##..##
####b...# ...#.....##
#♣S..####
.....###..######5####
##### ...###
##....##..# ##...##
...# ####..#.####
##.....## ####
##......# #.......#
###.##.# #.......# ###
####.##.#####.......#
..#
#....##............##
..#
###..................##


You could see an adder (ally target), a friendly crimson imp (summoned) and a
friendly bat (summoned).

Vanquished Creatures
  A ball python (D:1)
  A bat (D:1)
  An endoplasm (D:1)
  A quokka (D:1)
  2 rats (D:1)
6 creatures vanquished.

Vanquished Creatures (collateral kills)
  A gnoll (D:1)
  3 ball pythons (D:1)
  A bat (D:1)
  An endoplasm (D:1)
  A giant cockroach (D:1)
  2 goblins
  2 hobgoblins (D:1)
  6 jackals (D:1)
  A quokka (D:1)
  A frilled lizard (D:1)
  A kobold (D:1)
  2 rats (D:1)
22 creatures vanquished.

Vanquished Creatures (others)
  11 plants (D:1)
11 creatures vanquished.

Grand Total: 39 creatures vanquished

Notes
Turn   | Place    | Note
-------+----------+-------------------------------------------
     0 | D:1      | Deminshera the Tengu Summoner began the quest for the Orb.
     0 | D:1      | Reached XP level 1. HP: 10/10 MP: 4/4
   528 | D:1      | Found Fyomoet's Assorted Antiques.
   567 | D:1      | Reached XP level 2. HP: 13/15 MP: 4/6
   637 | D:1      | Found Huuxt's Antique Weapon Boutique.
   653 | D:1      | Reached skill level 5 in Summonings
   708 | D:1      | Found Afaotyso's Armour Shop.
   750 | D:1      | Found Huguahi's Assorted Antiques.
   793 | D:1      | Found Voidoevetu's Antique Armour Emporium.
   820 | D:2      | Learned a level 2 spell: Call Imp
   860 | D:2      | Noticed Terence
  1286 | D:1      | Reached XP level 3. HP: 14/19 MP: 5/7
  2048 | D:1      | Learned a level 3 spell: Call Canine Familiar
  2217 | D:1      | HP: 1/28 [poisoned by an adder]
  2218 | D:1      | Succumbed to an adder's poison

Illustrated notes

Levels and vault maps discovered:
D:1:      erik_arrival_triangle_small, layout_rooms, serial_shops, shop,
          nicolae_square_shop, nicolae_shop_hallway_plus, shop_statue,
          nicolae_shop_behind_doors, nicolae_grassy_gnolls
D:2:      layout_loops_ring, basic_altar, kennysheep_another_room,
          kennysheep_boxes, uniq_terence, uniq_jessica

Skill      XL: |  1  2 |
---------------+-------+-----
Summonings     | 5 |  5.2
Dodging        | |  2.9
Stealth        | |  2.6
Spellcasting   | |  2.4

Action                   || total
-------------------------++-------
Melee: Unarmed           ||    44
       Peck              ||     6
       Kick              ||    10
 Cast: Summon Small Mamm ||    15
       Call Imp          ||    13
  Use: Potion            ||     2
 Stab: Sleeping          ||     1
Armor: Robe              ||    17
       Skin              ||     1
Dodge: Dodged            ||    71

Table legend: (Time is in decaauts)
 A = Elapsed time spent in this place.
 B = Non-inter-level travel time spent in this place.
 C = Inter-level travel time spent in this place.
 D = Time resting spent in this place.
 E = Time spent auto-exploring this place.
 F = Levels seen in this place.
 G = Mean time per level.
                   A        B        C        D        E       F      G
               +--------+--------+--------+--------+--------+-----+--------+
         Total |   2220 |   2173 |     47 |   1266 |    556 |   2 | 1110.0 |
       Dungeon |   2220 |   2173 |     47 |   1266 |    556 |   2 | 1110.0 |
               +--------+--------+--------+--------+--------+-----+--------+

Top non-repeatable levels by time:
     D:1: 2123 daAuts
     D:2: 96 daAuts
